 Dungeon Crawl Stone Soup version 0.18.1-1-g2f07953 (webtiles) character file.

149 AlphabetPasta the Insei (level 5, -1/33 HPs)
             Began as an Octopode Transmuter on May 6, 2016.
             Was a Follower of Nemelex Xobeh.
             Slain by an orc
             ... wielding a +0 trident
              (9 damage)
             ... on level 4 of the Dungeon.
             The game lasted 00:13:01 (2157 turns).

AlphabetPasta the Insei (Octopode Transmuter)       Turns: 2157, Time: 00:13:02

Health: -1/33      AC:  1    Str: 10    XL:     5   Next: 31%
Magic:  9/9        EV: 13    Int: 16    God:    Nemelex Xobeh [*.....]
Gold:   142        SH:  0    Dex: 12    Spells: 3 memorised, 3 levels left

rFire  . . .     SeeInvis .       - Unarmed
rCold  . . .     Gourm    .     (no shield)
rNeg   . . .     Faith    .     (helmet restricted)
rPois  .         Spirit   .     (no amulet)
rElec  .         Dismiss  .     (no ring)
rCorr  .         Reflect  .     (no ring)
SustAt .         Harm     .     (no ring)
MR     .....                    (no ring)
Stlth  ++........               (no ring)
                                (no ring)
                                (no ring)
                                (no ring)

@: appendage, not resistant to hostile enchantments, unstealthy
A: almost no armour, amphibious, 8 rings, constrict 8, tentacle spike 3,
camouflage 1, gelatinous body 1
a: End Transformation, Renounce Religion


You were on level 4 of the Dungeon.
You worshipped Nemelex Xobeh.
Nemelex Xobeh was aware of your devotion.
You were not hungry.
One of your tentacles had a temporary spike.
You visited 1 branch of the dungeon, and saw 4 of its levels.

You collected 142 gold pieces.

Inventory:

Missiles
 a - 42 arrows
Scrolls
 g - 2 scrolls of identify
 h - a scroll of amnesia
 i - 2 scrolls of remove curse
Potions
 e - a potion of curing
 f - a potion of flight
 k - a potion of agility
 n - 2 potions of brilliance
 q - a potion of magic
Books
 b - a book of Changes

   Spells                             Type                      Level
   a - Beastly Appendage              Transmutation                1
   b - Sticks to Snakes               Transmutation                2
   c - Spider Form                    Transmutation/Poison         3
   d - Ice Form                       Ice/Transmutation            4
   e - Blade Hands                    Transmutation                5
Miscellaneous
 l - a plain deck of summoning {drawn: 1}
 m - a plain deck of war {drawn: 2}
Comestibles
 c - 2 bread rations
 d - a chunk of flesh
 j - 5 meat rations
 p - a royal jelly


   Skills:
 + Level 1.4 Fighting
 + Level 2.9 Dodging
 + Level 3.9 Unarmed Combat
 + Level 2.6 Spellcasting
 + Level 2.6 Transmutations
 + Level 1.6 Poison Magic
 + Level 1.2 Evocations


You had 3 spell levels left.
You knew the following spells:

 Your Spells              Type           Power        Failure   Level  Hunger
a - Beastly Appendage     Trmt           ##....       10%         1    #......
b - Sticks to Snakes      Trmt           ##......     12%         2    ##.....
c - Spider Form           Trmt/Pois      #.........   28%         3    ###....


Dungeon Overview and Level Annotations

Branches:
Dungeon (4/15)
 Temple: D:4-7

Altars:
Ashenzari
Dithmenos
Fedhas
Nemelex Xobeh
Ru
Zin
The Shining One

Annotations:
D:4 Pikel


Innate Abilities, Weirdness & Mutations

You cannot wear most types of armour.
You are amphibious.
You can wear up to eight rings at the same time.
You can use your tentacles to constrict eight enemies at once.
Your skin changes colour to match your surroundings (Stealth).
Your rubbery body absorbs attacks (AC +1).
One of your tentacles bears a large vicious spike.


Message History

The orc hits you from afar with a trident.
You tentacle-slap the orc.
The orc is severely wounded.
You constrict the orc, but do no damage.
The orc hits you. The orc misses you.
You tentacle-slap the orc.
You tentacle-slap the orc, but do no damage.
You squeeze the orc.
You kill the orc!
The orc hits you with a trident.
Items here: )) [[ a chain mail; a dagger; a robe; a club You closely miss the orc.
You grab the orc. You constrict the orc. The orc hits you with a trident.
* * * LOW HITPOINT WARNING * * *
You tentacle-slap the orc.
The orc is moderately wounded.
You constrict the orc. The orc hits you with a trident!
You die...
Your body disappears without a glow.

......# #.....# #
#.(...# # #.....# #
... #.....# +
oo....#.....# #
.....+.....# . ####
#..##.###+# ##
##...##..##@##.%####
..........o.........
.................?..
....................
.......<............
..##.#..#...#..#..##
###########..# ..


You could see an orc.

Vanquished Creatures
  An orc wizard (D:4)
  A gnoll (D:1)
  4 adders
  A worm (D:3)
  A dart slug (D:3)
  A giant gecko (D:2)
  3 orcs
  8 giant cockroaches
  3 goblins
  6 hobgoblins
  4 ball pythons
  4 bats
  3 giant newts
  4 kobolds (D:1)
  5 rats
49 creatures vanquished.

Vanquished Creatures (collateral kills)
  A slave (D:3)
  A worker ant (D:2)
2 creatures vanquished.

Grand Total: 51 creatures vanquished

Notes
Turn   | Place    | Note
--------------------------------------------------------------
     0 | D:1      | AlphabetPasta the Octopode Transmuter began the quest for the Orb.
     0 | D:1      | Reached XP level 1. HP: 13/13 MP: 3/3
   127 | D:1      | Reached XP level 2. HP: 4/18 MP: 1/5
   134 | D:1      | Learned a level 2 spell: Sticks to Snakes
   447 | D:1      | Found a shattered altar of Ashenzari.
   548 | D:1      | Reached XP level 3. HP: 18/23 MP: 3/6
   741 | D:2      | Found a glowing silver altar of Zin.
   758 | D:2      | Found a blossoming altar of Fedhas.
   763 | D:2      | Found a sacrificial altar of Ru.
   825 | D:2      | Learned a level 3 spell: Spider Form
   854 | D:2      | Found a sparkling altar of Nemelex Xobeh.
   863 | D:2      | Became a worshipper of Nemelex Xobeh the Trickster
   870 | D:2      | Received a gift from Nemelex Xobeh
   944 | D:2      | Reached XP level 4. HP: 20/28 MP: 5/7
  1087 | D:2      | Reached skill level 1 in Poison Magic
  1613 | D:3      | Found a glowing golden altar of the Shining One.
  1685 | D:3      | Found a shadowy altar of Dithmenos.
  1781 | D:3      | Reached * piety under Nemelex Xobeh
  1822 | D:3      | Reached XP level 5. HP: 29/33 MP: 8/8
  1831 | D:4      | Noticed Pikel
  1831 | D:4      | Noticed a slave
  1831 | D:4      | Noticed a slave
  1831 | D:4      | Noticed a slave
  1831 | D:4      | Noticed a slave
  1840 | D:3      | Killed a slave
  2092 | D:4      | Learned a level 3 spell: Spider Form
  2126 | D:4      | Reached skill level 1 in Evocations
  2157 | D:4      | Slain by an orc

Skill      XL: |  1  2  3  4  5 |
---------------+----------------+-----
Poison Magic   | 1 |  1.6
Evocations     | 1 |  1.2
Fighting       | |  1.4
Dodging        | |  2.9
Unarmed Combat | |  3.9
Spellcasting   | |  2.6
Transmutations | |  2.6

Action                   |  1- 3 |  4- 6 || total
-------------------------+-------+-------++-------
Melee: Unarmed           |    72 |    70 ||   142
       Constrict         |    20 |    15 ||    35
       Tentacles         |    15 |     9 ||    24
       Kick              |    10 |     9 ||    19
       Punch             |     2 |     5 ||     7
 Cast: Beastly Appendage |     9 |     8 ||    17
       Sticks to Snakes  |     1 |       ||     1
Evoke: Deck              |       |     3 ||     3
  Use: Scroll            |       |     9 ||     9
 Stab: Sleeping          |     1 |       ||     1
  Eat: Chunk             |       |     4 ||     4
Armor: Skin              |    15 |     3 ||    18
Dodge: Dodged            |    46 |    31 ||    77
